 Dungeon Crawl Stone Soup version 0.29-a0-284-gf9362112df (webtiles) character file.

Game seed: 4202196425231142166

51 spaghetti the Sneak (level 3, -2/19 HPs)
             Began as a Vampire Earth Elementalist on Mar 22, 2022.
             Slain by a goblin
             ... wielding a +0 dagger
              (3 damage)
             ... on level 1 of the Dungeon.
             The game lasted 00:02:59 (1125 turns).

spaghetti the Sneak (Vampire Earth Elementalist)    Turns: 1125, Time: 00:03:00

Health: -2/19      AC:  2    Str:  7    XL:     3   Next: 57%
Magic:  6/6        EV: 12    Int: 19    God:
Gold:   46         SH:  0    Dex: 14    Spells: 3/6 levels left

rFire   . . .      SeeInvis +   d - +0 dagger {short}
rCold   + + .      Faith    .   (no shield)
rNeg    + + +      Spirit   .   b - +0 robe
rPois   ∞          Reflect  .   (no helmet)
rElec   .          Harm     .   (no cloak)
rCorr   .          Rampage  .   (no gloves)
Will    .....                   (no boots)
Stlth   +++++.....              (no amulet)
HPRegen 0.00/turn               (no ring)
MPRegen 0.10/turn               (no ring)

@: bloodless, inhibited regen
A: bloodless, fangs 3, see invisible, vampiric 2
a: Bat Form, Revivify


You were on level 1 of the Dungeon.
You visited 1 branch of the dungeon, and saw 2 of its levels.

You collected 46 gold pieces.


Innate Abilities, Weirdness & Mutations

You do not regenerate when monsters are visible.
You are frail without blood (-20% HP).
You can heal yourself when you bite living creatures.
You are immune to poison.
You have razor-sharp teeth.
You have supernaturally acute eyesight. (SInv)
You are afflicted with vampirism and can become a bat while bloodless.


   Skills:
 - Level 2.1 Dodging
 + Level 6.3 Stealth
 - Level 2.0 Spellcasting
 - Level 1.1 Transmutations
 - Level 3.0 Earth Magic


You had 3 spell levels left.
You knew the following spells:

 Your Spells              Type           Power      Damage    Failure   Level
a - Sandblast             Erth           26%        2d8       4%          1
b - Passwall              Tmut/Erth      7%         N/A       11%         2

Your spell library contained the following spells:

 Spells                   Type           Power      Damage    Failure   Level
 Stone Arrow              Conj/Erth      14%        3d7       26%         3
 Ignite Poison            Fire/Tmut/Pois 3%         N/A       41%         3
 Mephitic Cloud           Conj/Pois/Air  1%         N/A       45%         3
 Petrify                  Tmut/Erth      9%         N/A       58%         4
 Freezing Cloud           Conj/Ice/Air   0%         6-21      99%         5

Inventory:

Hand Weapons
 d - a +0 dagger (weapon) {short}
   (You took it off a goblin on level 1 of the Dungeon)
 e - a +2 hunting sling of freezing {sling}
   (You found it on level 1 of the Dungeon)
Missiles
 a - 9 stones {throwing}
Armour
 b - a +0 robe (worn)
Scrolls
 f - 2 scrolls of identify {unknown}
 i - a scroll of silence {unknown}
Potions
 g - 2 potions of ambrosia {unknown}
 h - a potion of haste {unknown}

Dungeon Overview and Level Annotations

Branches:
Dungeon (2/15)

Altars:

## ###.#...# ..
...#.#.# .
#..#.#.#
#.#....#.##
#.#..$....
......#.#######
#
#.#†##.#.#.#.#..
#@gB...........#
####.#....b..#..
#...........#
###..>....#.
#..........#
##.......#.#
#..........#
##.#.#.#.#.#
#######...#


You could see a giant cockroach and a goblin.


Message History

A gnoll comes into view. It is wielding a +0 whip. 😮 HP[-4]
You take 4 damage, and now have 11/19 hp.
MASSIVE DAMAGE!! (PAUSE)
The adder attacks as you move away! The adder bites you. 😮 HP[-1]
You take 1 damage, and now have 10/19 hp.
There is a stone staircase leading up here.
The adder closely misses you. The adder bites you.
* * * LOW HITPOINT WARNING * * *
You climb upwards.
There is a stone staircase leading down here. 😨 HP[-2]
You take 2 damage, and now have 8/19 hp.
Unknown command.
Unknown command.
The helpless quokka fails to defend itself.
You bite the quokka, and draw its blood!
You feel better.
You puncture the quokka!
You kill the quokka!
The adder barely misses you.
Your Stealth skill increases to level 6! 😮 HP[+3]
You regained 3 hp, and now have 11/19 hp.
The quokka attacks as you move away!
The quokka bites you but does no damage.
The adder closely misses you. The quokka bites you. 😮 HP[-1]
You take 1 damage, and now have 10/19 hp.
The adder attacks as you move away! The adder bites you.
* * * LOW HITPOINT WARNING * * *
😨 HP[-2]
You take 2 damage, and now have 8/19 hp.
The adder bites you.
* * * LOW HITPOINT WARNING * * *
😨 HP[-1]
You take 1 damage, and now have 7/19 hp.
Aiming: Sandblast (safe; 4% risk of failure)
Press: ? - help, Q - select action, (/) - cycle Shift-Dir - straight line, f - adder
Aim: an adder (lightly wounded, 66% to hit)
The blast of sand hits the adder!
The adder closely misses you. 😨 MP[-1]
You lost 1 mp, and now have 5/6 mp.
Aiming: Sandblast (safe; 4% risk of failure)
Press: ? - help, Q - select action, (/) - cycle Shift-Dir - straight line, f/p - adder
Aim: an adder (almost dead, 66% to hit)
The blast of sand misses the adder.
The adder closely misses you. The quokka closely misses you. 😨 MP[-1]
You lost 1 mp, and now have 4/6 mp.
Aiming: Sandblast (safe; 4% risk of failure)
Press: ? - help, Q - select action, (/) - cycle Shift-Dir - straight line, f/p - adder
Aim: an adder (almost dead, 66% to hit)
The blast of sand hits the adder.
You kill the adder!
The quokka bites you.
* * * LOW HITPOINT WARNING * * *
😨 HP[-1] MP[-1]
You take 1 damage, and now have 6/19 hp.
You lost 1 mp, and now have 3/6 mp.
Aiming: Sandblast (safe; 4% risk of failure)
Press: ? - help, Q - select action, (/) - cycle Shift-Dir - straight line, f - quokka
Aim: a quokka (71% to hit)
The blast of sand misses the quokka.
The quokka closely misses you. The goblin closely misses you. 😨 MP[-1]
You lost 1 mp, and now have 2/6 mp.
Aiming: Sandblast (safe; 4% risk of failure)
Press: ? - help, Q - select action, (/) - cycle Shift-Dir - straight line, f/p - quokka
Aim: a quokka (71% to hit)
The blast of sand hits the quokka.
You kill the quokka!
The goblin barely misses you. 😨 MP[-1]
You lost 1 mp, and now have 1/6 mp.
Aiming: Sandblast (safe; 4% risk of failure)
Press: ? - help, Q - select action, (/) - cycle Shift-Dir - straight line, f - goblin
Aim: a goblin, wielding a +0 dagger (74% to hit)
The blast of sand misses the goblin.
The blast of sand hits the giant cockroach but does no damage.
The goblin hits you with a +0 dagger.
* * * LOW HITPOINT WARNING * * *
The giant cockroach barely misses you. 😨 HP[-1] MP[-1]
You take 1 damage, and now have 5/19 hp.
You lost 1 mp, and now have 0/6 mp.
You don't have enough magic to cast this spell.
Unknown command.
The giant cockroach attacks as you move away!
The giant cockroach misses you.
You hit the goblin. The goblin hits you with a +0 dagger.
* * * LOW HITPOINT WARNING * * *
😱 HP[-4]
You take 4 damage, and now have 1/19 hp.
MASSIVE DAMAGE!! (PAUSE)
Okay, then.
You aren't carrying any items that you can evoke.
Magic courses through your body. The goblin hits you with a +0 dagger.
You die...

Skill      XL: |  1  2  3 |
---------------+----------+-----
Stealth        | 4 5 6 |  6.3
Dodging        | |  2.1
Spellcasting   | |  2.0
Transmutations | |  1.1
Earth Magic    | |  3.0

Action                   || total
-------------------------++-------
Melee: Dagger            ||    36
       Bite              ||     3
 Cast: Sandblast         ||    21
       Passwall          ||     1
 Abil: Exsanguinate      ||     1
  Use: Potion            ||     1
 Stab: Sleeping          ||    16
Armor: Robe              ||     9
Dodge: Dodged            ||    26

Levels and vault maps discovered:
D:1:      ldierk_walled_garden, layout_basic, shapermc_ecumenical_altar_petra,
          st_stairs_4, hex_tiny
D:2:      layout_basic

Notes
Turn   | Place    | Note
-------+----------+-------------------------------------------
     0 | D:1      | spaghetti the Vampire Earth Elementalist began the quest
                  | for the Orb.
     0 | D:1      | Reached XP level 1. HP: 13/13 MP: 3/3
     0 | D:1      | magus.rc [v1.9.6]
   290 | D:2      | Reached skill level 4 in Stealth
   292 | D:2      | Reached XP level 2. HP: 15/15 MP: 5/5
   465 | D:2      | Learned a level 2 spell: Passwall
   478 | D:2      | Reached skill level 5 in Stealth
   680 | D:2      | You add the spells Ignite Poison, Mephitic Cloud and
                  | Freezing Cloud to your library.
   710 | D:2      | Gained mutation: You are afflicted with vampirism and can
                  | become a bat while bloodless. [Vampire growth]
   710 | D:2      | Reached XP level 3. HP: 8/19 MP: 0/6
  1111 | D:1      | Reached skill level 6 in Stealth
  1124 | D:1      | HP: 1/19 [goblin/+0 dagger (4)]
  1125 | D:1      | Slain by a goblin

Vanquished Creatures
  2 adders
  A worm (D:2)
  A dart slug (D:2)
  An endoplasm (D:2)
  A giant cockroach (D:2)
  4 goblins
  3 hobgoblins (D:2)
  4 quokkas
  2 ball pythons (D:2)
  3 bats
  2 frilled lizards (D:2)
  2 kobolds (D:2)
  2 rats
28 creatures vanquished.

Vanquished Creatures (others)
  5 toadstools (D:1)
5 creatures vanquished.

Grand Total: 33 creatures vanquished

Table legend:
 A = Non-vault XP
 B = Vault XP
 C = Vault XP percentage of total XP
 D = Non-vault monster count
 E = Vault monster count
 F = Vault count percentage of total count
                 A         B        C        D         E       F
            +---------+---------+-------+---------+---------+-------
      Total |      69 |       4 |   5.5 |      26 |       2 |   7.1
            +---------+---------+-------+---------+---------+-------
        D:1 |      21 |       4 |  16.0 |       6 |       2 |  25.0
        D:2 |      48 |       0 |   0.0 |      20 |       0 |   0.0
            +---------+---------+-------+---------+---------+-------

Illustrated notes

Table legend:
 A = Kills in this place as a percentage of kills in entire the game.
 B = Kills by you in this place as a percentage of kills by you in the entire game.
 C = Kills by friends in this place as a percentage of kills by friends in the entire game.
 D = Other kills in this place as a percentage of other kills in the entire game.
 E = Experience gained in this place as a percentage of experience gained in the entire game.
 F = Experience gained in this place divided by the number of levels of this place that you have seen.
                   A       B       C       D       E      F
               +-------+-------+-------+-------+-------+----------------------
         Total | 100.0 | 100.0 |   N/A |   N/A | 100.0 |  36.5
       Dungeon | 100.0 | 100.0 |   N/A |   N/A | 100.0 |  36.5
               +-------+-------+-------+-------+-------+----------------------

Table legend: (Time is in decaauts)
 A = Elapsed time spent in this place.
 B = Non-inter-level travel time spent in this place.
 C = Inter-level travel time spent in this place.
 D = Time resting spent in this place.
 E = Time spent auto-exploring this place.
 F = Levels seen in this place.
 G = Mean time per level.
                   A        B        C        D        E       F      G
               +--------+--------+--------+--------+--------+-----+--------+
         Total |   1125 |   1088 |     37 |    230 |    595 |   2 |  562.5 |
       Dungeon |   1125 |   1088 |     37 |    230 |    595 |   2 |  562.5 |
               +--------+--------+--------+--------+--------+-----+--------+

Top non-repeatable levels by time:
     D:2: 834 daAuts
     D:1: 290 daAuts
